 Dungeon Crawl Stone Soup version 0.30-b1-2-g02819fbbbe (webtiles) character file.

Game seed: 17374434624845526710

43 MajorAdolf the Ducker (level 3, -1/28 HPs)
             Began as a Naga Wanderer on Sept 20, 2023.
             Killed from afar by Robin (8 damage)
             ... with a bolt of dispelling energy
             ... on level 2 of the Dungeon.
             The game lasted 00:03:22 (3472 turns).

MajorAdolf the Ducker (Naga Wanderer)               Turns: 3472, Time: 00:03:23

Health: -1/28      AC:  4    Str: 11    XL:     3   Next: 58%
Magic:  3/3        EV: 16    Int: 12    God:
Gold:   57         SH:  0    Dex: 15    Spells: 2/2 levels left

rFire   . . .        a - +0 quarterstaff
rCold   . . .        (shield currently unavailable)
rNeg    . . .        b - +2 leather armour
rPois   +            (no helmet)
rElec   .            e - scarf {shadows}
rCorr   .            (no gloves)
SInv    +            (no barding)
Will    .....        (no amulet)
Stlth   ++           f - +5 ring of evasion
HPRegen 0.24/turn    (no ring)
MPRegen 0.08/turn

%: no passive effects
@: short of breath, very slow
A: AC +1, large, see invisible, deformed body, poison resistance, slowness 2,
spit poison 1, naga tail 1
a: Spit Poison


You were on level 2 of the Dungeon.
You visited 1 branch of the dungeon, and saw 2 of its levels.

You collected 57 gold pieces.

Inventory:

Hand Weapons
 a - a +0 quarterstaff (weapon)
Armour
 b - a +2 leather armour (worn)
 e - a scarf of shadows (worn)
Jewellery
 f - a +5 ring of evasion (left hand)
 g - a ring of fire
Scrolls
 d - a scroll of fog
 h - a scroll of poison {unknown}
 j - 2 scrolls of identify {unknown}
 k - 4 scrolls of teleportation {unknown}
 m - a scroll of amnesia {unknown}
 n - a scroll of brand weapon {unknown}
 o - a scroll of silence {unknown}
Potions
 c - a potion of attraction
 i - a potion of mutation {unknown}
 l - a potion of curing {unknown}


   Skills:
 + Level 2.1(2.5) Polearms
 - Level 2.0(2.4) Staves
 - Level 1.0 Throwing
 - Level 1.0 Armour
 - Level 4.1 Dodging
 + Level 3.9 Stealth


You had 2 spell levels left.
You didn't know any spells.
Your spell library was empty.

Dungeon Overview and Level Annotations

Branches:
Dungeon (2/15)

Altars:

Shops:
D:2 :*[

Annotations:
D:2 Robin


Innate Abilities, Weirdness & Mutations

Your serpentine skin is tough. (AC +1)
You have supernaturally acute eyesight. (SInv)
Armour fits poorly on your strangely shaped body.
Your system is resistant to poisons. (rPois)
You cover ground very slowly.
You can spit poison.
You have a snake-like lower body.


Message History

You kill the goblin!
The goblin barely misses you.
Unknown command.
Okay, then.
You barely miss the goblin. The goblin hits you but does no damage.
You sock the goblin!
You kill the goblin!
The hobgoblin closely misses you.
You hit the hobgoblin.
The hobgoblin is moderately wounded.
The hobgoblin closely misses you.
You barely miss the hobgoblin.
The hobgoblin is moderately wounded.
You have got your breath back.
The hobgoblin barely misses you.
You hit the hobgoblin.
The hobgoblin is heavily wounded.
The hobgoblin misses you.
You closely miss the hobgoblin.
The hobgoblin is heavily wounded.
The hobgoblin closely misses you.
You closely miss the hobgoblin.
The hobgoblin is heavily wounded.
The hobgoblin hits you with a +0 dagger.
The hobgoblin closely misses you.
You hit the hobgoblin.
You kill the hobgoblin!
You closely miss Robin. Robin hits you with a +3 spectral club.
* * * LOW HITPOINT WARNING * * *
Aiming: Spit Poison (2% risk of failure)
Press: ? - help, Shift-Dir - straight line, f - Robin
Aim: Robin, wielding a +3 spectral club, wearing a +0 leather armour, wearing a +0 helmet and carrying a wand of quicksilver (7) (70% to hit)
The splash of poison hits Robin!
Robin is poisoned.
Robin is heavily wounded.
Robin barely misses you. Robin attacks as you move away!
Robin closely misses you.
Robin zaps a wand.
The bolt of dispelling energy misses you.
Robin flexes a bicep menacingly.
Robin zaps a wand.
The bolt of dispelling energy hits you!
You die...

#.# #.# ### #)# #.# #.# #.#
###### #.# #)# ... #.....
#.# #g# #.# #.#.## #.# #.#
#.# #.#.## #.# #.# #.#
#.#.## #.########@#.#
#.###.#.## #.......##.#.#
#......... #.#####.##.#.#
#.###.#.## #.#####.##.#.#
#.# #.#.##
#..........#.#####.###.....
#######....................
......>.................##
######.####.............##
#.# #<##.##.#.......


You could see Robin (poisoned).

Vanquished Creatures
  An adder (D:2)
  A worm (D:2)
  A bat (D:1)
  An endoplasm (D:1)
  A giant cockroach (D:1)
  7 goblins (D:2)
  4 hobgoblins (D:2)
  2 quokkas (D:1)
  3 ball pythons
  4 frilled lizards
  4 kobolds (D:1)
  A rat (D:1)
30 creatures vanquished.

Notes
Turn   | Place    | Note
-------+----------+-------------------------------------------
     0 | D:1      | MajorAdolf the Naga Wanderer began the quest for the Orb.
     0 | D:1      | MajorAdolf set off with the following items: a +0
                  | quarterstaff, a +2 leather armour, a potion of attraction,
                  | a scroll of fog.
     0 | D:1      | Reached XP level 1. HP: 15/15 MP: 1/1
   316 | D:1      | Reached skill level 1 in Polearms
   316 | D:1      | Reached XP level 2. HP: 22/22 MP: 2/2
  1551 | D:2      | Reached XP level 3. HP: 28/28 MP: 3/3
  3162 | D:2      | Found Mibbiw's General Store.
  3164 | D:2      | Found Gebbisam's Armour Shoppe.
  3253 | D:2      | Found a faded altar of an unknown god.
  3265 | D:2      | Found Ewuack's Book Shop.
  3452 | D:2      | Noticed Robin
  3472 | D:2      | Killed from afar by Robin

Illustrated notes

Levels and vault maps discovered:
D:1:      dreamdust_arrival_beginning_and_end, layout_basic
D:2:      layout_basic, hellmonk_ecumenical_altar_blasted, serial_shops, shop,
          nicolae_book_shop_shelving, nicolae_diamond_shop,
          nicolae_shop_tiny_statue_garden, uniq_robin

Skill      XL: |  1  2  3 |
---------------+----------+-----
Stealth        | 2 3 |  3.9
Polearms       | 1 2 |  2.1
Staves         | |  2.0
Throwing       | |  1.0
Armour         | |  1.0
Dodging        | |  4.1

Action                     || total
---------------------------++-------
  Melee: Quarterstaff      ||    60
Ability: Spit Poison       ||    20
   Stab: Sleeping          ||     3
 Armour: Leather armour    ||    10
  Dodge: Dodged            ||    58
